AoeStats
← RDA Ronan

Arabia

504904105Analyzed
2v2 RM · 25d ago on Sep 7, 2026· 34m 43s· 4 players
Game mode
Random Map
Map size
Medium (4 player)
Population
200
Speed
Normal
Resources
Standard
Victory
Conquest
Starting age
Dark Age
Ending age
Imperial Age
RankedLock teamsTeams togetherTeam positionsShared explorationLock speedFull tech treeHidden civsTurbo modeCheats
Victory
Defeat
🇦🇷 Franks · Argentina
1372
+13
🇦🇷 Maya · Argentina
1305
+15
🇦🇷 Aztecs · Argentina
1335
-16
🇦🇷 Bohemians · Argentina
1253
-12
RDA Ronan
6:51 Loom
9:16 Feudal Age
12:04 Double-Bit Axe
15:36 Horse Collar
15:55 Fletching
21:51 Castle Age
21:29 Padded Archer Armor
21:46 Forging
22:52 Padded Archer Armor
22:17 Pikeman
24:57 Chemistry
25:26 Bow Saw
28:36 Elite Skirmisher
30:05 Wheelbarrow
30:05 Bodkin Arrow
33:40 Leather Archer Armor
Gianncrack
6:48 Loom
7:11 Loom
9:44 Feudal Age
10:47 Double-Bit Axe
13:18 Scale Mail Armor
13:35 Forging
17:44 Wheelbarrow
19:29 Horse Collar
31:03 Castle Age
Lord San
6:15 Loom
8:54 Feudal Age
9:29 Double-Bit Axe
17:46 Scale Barding Armor
19:42 Forging
20:42 Wheelbarrow
24:09 Castle Age
23:40 Gold Mining
24:10 Light Cavalry
25:30 Iron Casting
25:45 Husbandry
27:39 Bow Saw
32:53 Chain Barding Armor
EL BASTARDOK SCALONIDAS
0:27 Loom
9:27 Feudal Age
10:16 Double-Bit Axe
11:18 Double-Bit Axe
15:59 Fletching
17:21 Padded Archer Armor
25:57 Castle Age
24:43 Gold Mining
25:52 Horse Collar
26:04 Crossbowman
26:44 Bodkin Arrow
27:05 Leather Archer Armor
29:09 Ballistics
29:32 Wheelbarrow
31:19 Hand Cart
31:18 Thumb Ring
Connection lost

Rejoining the realm…

Still unreachable

The connection could not be restored.

Session expired

The server has moved on; the page needs a fresh start.